 Dungeon Crawl Stone Soup version 0.18.1-48-g4cf74bf (webtiles) character file.

43 dslkjfsdf the Caller (level 3, 0/19 HPs)
             Began as a Deep Elf Summoner on Sept 11, 2016.
             Was a Follower of Jiyva.
             Shot with a stone by a goblin (3 damage)
             ... led by Robin
             ... on level 2 of the Dungeon.
             The game lasted 00:06:48 (961 turns).

dslkjfsdf the Caller (Deep Elf Summoner)             Turns: 961, Time: 00:06:49

Health: 0/19       AC:  2    Str:  6    XL:     3   Next: 37%
Magic:  16/19      EV: 13    Int: 19    God:    Jiyva [*.....]
Gold:   37         SH:  0    Dex: 15    Spells: 4 memorised, 0 levels left

rFire  . . .     SeeInvis .     (no weapon)
rCold  . . .     Gourm    .     a - +0 robe
rNeg   . . .     Faith    .     (no shield)
rPois  .         Spirit   .     (no helmet)
rElec  .         Dismiss  .     (no cloak)
rCorr  .         Reflect  .     (no gloves)
SustAt .         Harm     .     (no boots)
MR     .....                    (no amulet)
Stlth  ++........               (no ring)
                                g - ring of magical power

@: not resistant to hostile enchantments, unstealthy
A: no striking features
a: Request Jelly, Renounce Religion


You were on level 2 of the Dungeon.
You worshipped Jiyva.
Jiyva was aware of your devotion.
You were not hungry.

You visited 1 branch of the dungeon, and saw 2 of its levels.

You collected 37 gold pieces.

Inventory:

Armour
 a - a +0 robe (worn)
Jewellery
 g - a ring of magical power (left hand)
Potions
 e - a potion of invisibility {unknown}
 h - a potion of curing {unknown}
 k - a potion of brilliance {unknown}
Books
 b - a book of Callings

   Spells                             Type                      Level
   a - Summon Small Mammal            Summoning                    1
   b - Call Imp                       Summoning                    2
   c - Call Canine Familiar           Summoning                    3
   d - Summon Guardian Golem          Hexes/Summoning              3
   e - Summon Lightning Spire         Summoning/Air                4
   f - Summon Ice Beast               Ice/Summoning                4
Comestibles
 c - a bread ration
 d - 5 chunks of flesh
 f - a meat ration


   Skills:
 + Level 2.5 Dodging
 - Level 2.4 Stealth
 * Level 3.6 Spellcasting
 * Level 5.4 Summonings


You couldn't memorise any spells.
You knew the following spells:

 Your Spells              Type           Power        Failure   Level  Hunger
a - Summon Small Mammal   Summ           ###.         1%          1    None
b - Call Imp              Summ           ###.....     2%          2    ##.....
c - Call Canine Familiar  Summ           ###.....     6%          3    ###....
d - Summon Guardian Gole  Hex/Summ       ##......     14%         3    ###....


Dungeon Overview and Level Annotations

Branches:
Dungeon (2/15)

Altars:
Jiyva

Annotations:
D:2 Natasha, Robin


Message History

You see here the felid corpse of Natasha.
You butcher the felid corpse of Natasha.
d - 5 chunks of flesh (gained 1)
You hear a distant slurping noise.
Jiyva appreciates your sacrifice.
The goblin unwields an uncursed club.
The goblin wields a hunting sling.
The goblin shoots a stone.
The stone hits you!
* * * LOW HITPOINT WARNING * * *
You see here a stone.
Your bat disappears in a puff of smoke!
You hear a distant slurping noise.
Jiyva appreciates your sacrifice.
You hear a squelching noise.
You hear a distant slurping noise.
Jiyva appreciates your sacrifice.
Natasha, Servant of Life and Death comes into view.
You hear a distant slurping noise.
Jiyva appreciates your sacrifice.
The goblin shoots a stone.
The stone hits you.
You die...

#.........# ##......g
..###### #......# .g....#
########......# ...#.####
..............######........
...................(#...##
#..............#..........
###..#......h..5h#g#.....###
....#_#..#..####@..#.......(
.....#......................
............รท......#...#.###
...................#...#..#
................<......# ..
.........................
...J..............##....##
###...............# ....#
..##....................


You could see Natasha, a goblin, a friendly hound and a friendly crimson imp.

Vanquished Creatures (collateral kills)
  Natasha (D:2)
  An adder (D:2)
  An ooze (D:1)
  2 dart slugs (D:1)
  2 goblins
  5 hobgoblins (D:1)
  A jackal (D:1)
  2 kobolds
  5 bats
  3 giant newts
  11 rats
34 creatures vanquished.

Vanquished Creatures (others)
  A goblin (D:2)
1 creature vanquished.

Grand Total: 35 creatures vanquished

Notes
Turn   | Place    | Note
--------------------------------------------------------------
     0 | D:1      | dslkjfsdf the Deep Elf Summoner began the quest for the Orb.
     0 | D:1      | Reached XP level 1. HP: 10/10 MP: 6/6
   191 | D:1      | Reached XP level 2. HP: 15/15 MP: 6/8
   195 | D:1      | Learned a level 2 spell: Call Imp
   362 | D:1      | Reached skill level 5 in Summonings
   852 | D:2      | Found a faded altar to an unknown god.
   860 | D:2      | Reached XP level 3. HP: 19/19 MP: 10/10
   889 | D:2      | Learned a level 3 spell: Call Canine Familiar
   893 | D:2      | Learned a level 3 spell: Summon Guardian Golem
   914 | D:2      | Became a worshipper of Jiyva Jeisik the Shapeless
   914 | D:2      | Reached * piety under Jiyva
   934 | D:2      | Noticed Natasha
   938 | D:2      | Noticed Robin
   945 | D:2      | Killed Natasha
   959 | D:2      | Noticed Natasha
   961 | D:2      | Shot with a stone by a goblin

Skill      XL: |  1  2 |
---------------+-------+-----
Summonings     | 5 |  5.4
Dodging        | |  2.5
Stealth        | |  2.4
Spellcasting   | |  3.6

Action                   || total
-------------------------++-------
 Cast: Summon Small Mamm ||    42
       Call Imp          ||     5
       Call Canine Famil ||     1
  Use: Scroll            ||     2
Armor: Robe              ||     2
Dodge: Dodged            ||    18
